 Dungeon Crawl Stone Soup version 0.27-a0-887-gcab673c142 (webtiles) character file.

Game seed: 1616894290922921997

7 delverdan the Ducker (level 2, -1/23 HPs)
             Began as a Djinni Gladiator on Apr 3, 2021.
             Slain by a jackal (2 damage)
             ... on level 1 of the Dungeon.
             The game lasted 00:00:53 (427 turns).

delverdan the Ducker (Djinni Gladiator)              Turns: 427, Time: 00:00:55

Health: -1/23      AC:  4    Str: 13    XL:     2   Next: 4%
Gold:   35         EV: 12    Int:  9    God:
                   SH:  0    Dex: 14

rFire    + + .     SeeInvis .   a - +0 long sword
rCold    x . .     Faith    .   (no shield)
rNeg     . . .     Spirit   .   b - +0 leather armour
rPois    ∞         Reflect  .   c - +0 helmet
rElec    .         Harm     .   (no cloak)
rCorr    .         Rampage  .   (no gloves)
Will     .....                  (boots unavailable)
Stlth    +.........             (no amulet)
HPRegen  0.07/turn              (no ring)
MPRegen  0.00/turn              (no ring)

@: flying
A: fire resistance 2, cold vulnerability 1, float, innate caster, hp casting,
extra vitality 1
a: no special abilities


You were on level 1 of the Dungeon.
You visited 1 branch of the dungeon, and saw 1 of its levels.

You collected 35 gold pieces.

Inventory:

Hand Weapons
 a - a +0 long sword (weapon)
Missiles
 d - 3 throwing nets (quivered)
Armour
 b - a +0 leather armour (worn)
 c - a +0 helmet (worn)
Magical Staves
 g - a staff of fire
Scrolls
 e - a scroll of enchant armour {unknown}
 f - a scroll of silence {unknown}


   Skills:
 - Level 2.0 Fighting
 + Level 3.1 Long Blades
 - Level 1.5 Throwing
 - Level 3.2 Dodging


You had one spell level left.
You didn't know any spells.
Your spell library was empty.

Dungeon Overview and Level Annotations

Branches:
Dungeon (1/15)

Altars:


Innate Abilities, Weirdness & Mutations

You are immune to poison.
Your flesh is very heat resistant. (rF++)
You are vulnerable to cold. (rC-)
You float through the air rather than walking.
You learn spells naturally, not from books.
Your magical power is your life essence.
You have superior vitality. (+4 HP)


Message History

The jackal bites you but does no damage.
The jackal bites you.
Unknown command.
You barely miss the jackal.
The jackal is severely wounded.
The jackal misses you.
The jackal bites you. x2; The jackal barely misses you.
Unknown command.
You are too injured to fight recklessly!
Unknown command.
You are too injured to fight recklessly!
You are too injured to fight recklessly!
You closely miss the jackal.
The jackal is severely wounded.
The jackal bites you.
* * * LOW HITPOINT WARNING * * *
The jackal bites you.
* * * LOW HITPOINT WARNING * * *
The jackal barely misses you.
You hit the jackal.
You kill the jackal!
The quokka twitches its whiskers.
You have reached level 2!
The jackal misses you.
You riposte.
You hit the jackal.
The jackal is heavily wounded.
The jackal closely misses you.
You riposte.
You hit the jackal.
The jackal is severely wounded.
The jackal bites you but does no damage.
You see here a book of Cantrips.
You miss the jackal.
The jackal is severely wounded.
The jackal bites you but does no damage.
The jackal barely misses you.
The jackal bites you but does no damage. x2
You hit the jackal.
You kill the jackal!
The quokka bites you but does no damage.
The jackal bites you.
* * * LOW HITPOINT WARNING * * *
The quokka barely misses you. The jackal bites you.
You die...

##..#.############.######
#................†.....?..
.(##.......####...#.#######
#.. .##..#.....# #...#.#
#.# ....##.....# #...#.#
#.# ##†######### #...#.#
#.# ##.## ###...#.# ####.#
....# #.+h†r+.# #....#
....## #.#.@.### ##...(#
.....# #.#...# #......
...#.# #.###########
#.....# ...#.#
#..###......###.....#
...#.#####
#..#..##''##..##....#
.........#
##...##P..P##.....#.#
.........#
##..####♣PP♣####..##.#
#........#
#..##############..#.#
#........#
#.####PPP♣P♣♣P####.#.#


You could see a quokka and a jackal.

Vanquished Creatures
  2 endoplasms (D:1)
  3 jackals (D:1)
  A ball python (D:1)
  A frilled lizard (D:1)
  A goblin (D:1)
8 creatures vanquished.

Notes
Turn   | Place    | Note
-------+----------+-------------------------------------------
     0 | D:1      | delverdan the Djinni Gladiator began the quest for the Orb.
     0 | D:1      | Reached XP level 1. HP: 18/18 MP: 0/0
    67 | D:1      | Found a faded altar of an unknown god.
   420 | D:1      | Reached XP level 2. HP: 3/23 MP: 0/0
   427 | D:1      | HP: 1/23 [jackal (2)]
   427 | D:1      | Slain by a jackal

Illustrated notes

Levels and vault maps discovered:
D:1:      denvon_arrival_planthouse, layout_basic, basic_ecumenical_altar,
          minmay_tetromino_s2

Skill      XL: |  1 |
---------------+----+-----
Long Blades    | 3 |  3.1
Fighting       | |  2.0
Throwing       | |  1.5
Dodging        | |  3.2

Action                   || total
-------------------------++-------
Melee: Long sword        ||    18
 Stab: Sleeping          ||     2
Armor: Leather armour    ||    12
Dodge: Dodged            ||    14
       Rpst.: Long sword ||     5

Table legend: (Time is in decaauts)
 A = Elapsed time spent in this place.
 B = Non-inter-level travel time spent in this place.
 C = Inter-level travel time spent in this place.
 D = Time resting spent in this place.
 E = Time spent auto-exploring this place.
 F = Levels seen in this place.
 G = Mean time per level.
                   A        B        C        D        E       F      G
               +--------+--------+--------+--------+--------+-----+--------+
         Total |    431 |    431 |      0 |      0 |    365 |   1 |  431.0 |
       Dungeon |    431 |    431 |      0 |      0 |    365 |   1 |  431.0 |
               +--------+--------+--------+--------+--------+-----+--------+

Top non-repeatable levels by time:
     D:1: 431 daAuts
